 Dungeon Crawl Stone Soup version 0.31.0-32-g396128a36d (webtiles) character file.

Game seed: 1814446269756533670

46 ChadusMaximus the Caller (level 3, 0/24 HPs)
             Began as a Barachi Summoner on Mar 14, 2024.
             Succumbed to an adder's poison
             ... on level 2 of the Dungeon.
             The game lasted 00:01:27 (1012 turns).

ChadusMaximus the Caller (Barachi Summoner)         Turns: 1012, Time: 00:01:28

Health: 0/24       AC:  2    Str:  9    XL:     3   Next: 66%
Magic:  4/7        EV: 12    Int: 17    God:
Gold:   64         SH:  0    Dex: 12    Spells: 1/7 levels left

rFire   . . .        h - +0 sling
rCold   . . .        (no shield)
rNeg    . . .        a - +0 robe
rPois   .            (no helmet)
rElec   .            (no cloak)
rCorr   .            (no gloves)
SInv    .            (no boots)
Will    .....        (no amulet)
Stlth   ++           (no ring)
HPRegen 0.24/turn    (no ring)
MPRegen 0.10/turn

%: no passive effects
@: lethally poisoned (0 -> -5), attractive, inugami summoned, slow
A: amphibious, slowness 1, strong legs 1, +LOS
a: Hop


You were on level 2 of the Dungeon.
You visited 1 branch of the dungeon, and saw 2 of its levels.

You collected 64 gold pieces.

Inventory:

Hand Weapons
 e - a +0 mace
 g - a +0 dagger of speed
 h - a +0 sling (weapon)
Armour
 a - a +0 robe (worn)
Jewellery
 i - a ring of willpower
Scrolls
 c - a scroll of noise {unknown}
 f - a scroll of teleportation {unknown}
Potions
 b - a potion of magic
 d - a potion of attraction


   Skills:
 - Level 2.1 Dodging
 - Level 1.7 Stealth
 + Level 2.9 Spellcasting
 * Level 5.9 Summonings


You had one spell level left.
You knew the following spells:

 Your Spells              Type           Power      Damage    Failure   Level
a - Summon Small Mammal   Summ           88%        N/A       1%          1
b - Call Canine Familiar  Summ           22%        N/A       4%          3
c - Call Imp              Summ           44%        N/A       2%          2

Your spell library contained the following spells:

 Spells                   Type           Power      Damage    Failure   Level
 Summon Blazeheart Golem  Fire/Summ      12%        N/A       45%         4
 Summon Lightning Spire   Summ/Air       12%        N/A       45%         4


Dungeon Overview and Level Annotations

Branches:
Dungeon (2/15)

Altars:


Innate Abilities, Weirdness & Mutations

You are amphibious.
You cover ground slowly.
You can hop short distances.
You have an extended range of vision and can be seen from far away.


Message History

The adder closely misses you. The adder bites you.
You shoot a sling bullet.
The sling bullet hits the adder but does no damage.
The adder is almost dead.
The adder misses you. The adder closely misses you.
You shoot a sling bullet.
The sling bullet barely misses the adder.
The adder barely misses you. The adder bites you.
You shoot a sling bullet. The sling bullet misses the adder.
The adder barely misses you.
You shoot a sling bullet.
The sling bullet hits the adder but does no damage.
The adder is almost dead.
The adder bites you.
You are poisoned.
The adder poisons you! The adder barely misses you.
You are too injured to fight recklessly!
You are too injured to fight recklessly!
Casting: Summon Small Mammal (safe; 1% risk of failure)
Confirm with . or Enter, or press ? or * to list all spells.
You call for your canine familiar and it appears with a howl!
You feel sick. The adder barely misses you. x2
You feel sick. The adder attacks as it pursues you!
The adder completely misses you.
You feel sick. The adder misses you.
You feel sick. The adder bites you.
* * * LOW HITPOINT WARNING * * *
You are lethally poisoned!
The adder poisons you!
Your inugami hits the adder!
The adder dies!
Unknown command.
It was a potion of attraction.
You feel attractive to monsters.
* * * LOW HITPOINT WARNING * * *
You feel sick.
Unknown command.
Okay, then.
* * * LOW HITPOINT WARNING * * *
You feel sick.
You die...

#.. ###.. ...#.
##### #..
.##... #. ..
...##
#...###(###...#
#......$#.....#
#$$......#
#.###h.@.# #
#.....#####
#.........#
#...#.#####.#
........ #.#
..........
#.#######
#..........
#.......#
#...........
#######.#
#............
#.#


You could see a friendly inugami (summoned).

Vanquished Creatures
  A bat (D:2)
  3 endoplasms
  A goblin (D:2)
  A hobgoblin (D:2)
  A kobold (D:2)
  3 frilled lizards
  3 rats (D:2)
13 creatures vanquished.

Vanquished Creatures (collateral kills)
  3 adders (D:2)
  A giant cockroach (D:1)
  A kobold (D:1)
  A rat (D:2)
6 creatures vanquished.

Grand Total: 19 creatures vanquished

Notes
Turn   | Place    | Note
-------+----------+-------------------------------------------
     0 | D:1      | ChadusMaximus the Barachi Summoner began the quest for the
                  | Orb.
     0 | D:1      | Reached XP level 1. HP: 13/13 MP: 3/3
   191 | D:1      | Reached skill level 5 in Summonings
   496 | D:2      | Reached XP level 2. HP: 13/19 MP: 1/5
   733 | D:2      | Reached XP level 3. HP: 10/24 MP: 1/7
   737 | D:2      | Learned a level 3 spell: Call Canine Familiar
   740 | D:2      | Learned a level 2 spell: Call Imp
  1011 | D:2      | HP: 1/24 [poisoned by an adder]
  1012 | D:2      | Succumbed to an adder's poison

Illustrated notes

Levels and vault maps discovered:
D:1:      minmay_arrival_plants_in_alcoves, layout_basic
D:2:      layout_basic, serial_shops, shop, minmay_pentomino_t4

Skill      XL: |  1 |
---------------+----+-----
Summonings     | 5 |  5.9
Dodging        | |  2.1
Stealth        | |  1.7
Spellcasting   | |  2.9

Action                     || total
---------------------------++-------
  Melee: Unarmed           ||    13
         Mace              ||     8
   Fire: Sling             ||    65
   Cast: Summon Small Mamm ||    14
         Call Canine Famil ||     1
Ability: Hop               ||     1
    Use: Potion            ||     1
   Stab: Sleeping          ||     1
 Armour: Robe              ||    46
  Dodge: Dodged            ||    59
